 Dungeon Crawl Stone Soup version 0.17-a0-1545-gc1bb672 (webtiles) character file.

711 Gorice the Destroyer (level 7, -6/38 HPs)
             Began as a Tengu Wanderer on July 18, 2015.
             Mangled by an orc
             ... wielding a +0 flail
              (9 damage)
             ... on level 4 of the Dungeon.
             The game lasted 00:28:02 (5061 turns).

Gorice the Destroyer (Tengu Wanderer)               Turns: 5061, Time: 00:28:03

Health: -6/38      AC:  3    Str: 12    XL:     7   Next: 68%
Magic:  13/14      EV: 11    Int: 14    God:
Gold:   181        SH:  0    Dex: 14    Spells: 2 memorised, 11 levels left

rFire  . . .     SeeInvis .     a - +1 long sword
rCold  . . .     Clarity  .     s - +0 robe
rNeg   . . .     SustAt   .     (no shield)
rPois  .         Gourm    .     (helmet restricted)
rElec  .         Spirit   .     (no cloak)
rCorr  .         Warding  .     n - +0 pair of gloves
rMut   .         Stasis   .     (boots unavailable)
MR     .....                    (no amulet)
Stlth  ++........               (no ring)
                                (no ring)

@: not resistant to hostile enchantments, unstealthy
A: beak, talons 3, able to fly 1
a: Fly


You were on level 4 of the Dungeon.
You were not hungry.

You visited 1 branch of the dungeon, and saw 4 of its levels.

You collected 181 gold pieces.

Inventory:

Hand weapons
 a - a +1 long sword (weapon)
 d - a +0 dagger
 k - a +3 dagger
 v - a +3 whip of flaming
   (You took it off an orc on level 3 of the Dungeon)
 x - a +4 spear of distortion
   (You took it off Robin on level 3 of the Dungeon)
Missiles
 h - 5 tomahawks (quivered)
 Z - 232 stones
Armour
 n - a +0 pair of gloves (worn)
 o - a +0 leather armour
 s - a +0 robe (worn)
Magical staves
 b - an uncursed staff of power
Jewellery
 g - an uncursed ring of fire
Magical devices
 j - a wand of frost (24)
 t - a wand of flame (26)
 C - a wand of confusion (5)
Scrolls
 c - a scroll of teleportation {!r}
 q - 4 scrolls of remove curse
 u - a scroll of enchant weapon
 y - a scroll of identify {unknown}
Potions
 i - a potion of poison {unknown}
 l - 2 potions of brilliance {unknown}
 m - a potion of curing
 p - a potion of degeneration {unknown}
 r - 2 potions of lignification {!q}
Books
 e - a book of Minor Magic
Comestibles
 f - 3 bread rations {!e}
 w - 2 meat rations {!e}
 z - 8 chunks of flesh
 A - a royal jelly
 B - a beef jerky


   Skills:
 - Level 1.0 Fighting
 - Level 2.1 Long Blades
 - Level 1.1 Throwing
 - Level 2.0 Stealth
 + Level 4.6 Spellcasting
 * Level 8.9 Conjurations
 - Level 1.0 Evocations


You had 11 spell levels left.
You knew the following spells:

 Your Spells              Type           Power        Failure   Level  Hunger
a - Magic Dart            Conj           ####         1%          1    None
b - Conjure Flame         Conj/Fire      ###.....     10%         3    ###....


Dungeon Overview and Level Annotations

Branches:
Dungeon (4/15)
 Temple: D:4-7

Altars:
Gozag
Nemelex Xobeh

Annotations:
D:2 vpUX: Yiuf's house, 1 exclusion


Innate Abilities, Weirdness & Mutations

You have a beak for a mouth.
You have claws for feet.
You can fly.


Message History

The orc wizard gestures wildly while chanting.
The orc wizard flickers and vanishes!
Deactivating autopickup; reactivate with Ctrl-A.
An orc comes into view. It is wielding a flail.
Damage: 3 (max 26)
Casting: Magic Dart
Confirm with . or Enter, or press ? or * to list all spells.
Aiming: Magic Dart
Press: ? - help, Shift-Dir - straight line, f - orc
Aim: an orc, wielding a flail and wearing a leather armour (hasn't noticed you)
The magic dart hits something.
The orc shouts!
The bat hits you but does no damage.
You hear some strange, mumbled words.
Something tries to affect you, but you resist.
Casting: Magic Dart
Confirm with . or Enter, or press ? or * to list all spells.
Aiming: Magic Dart
Press: ? - help, Shift-Dir - straight line, f/p - orc
Aim: an orc, wielding a flail and wearing a leather armour The magic dart hits something.
The bat barely misses you.
You hear some strange, mumbled words.
You are confused.
You're too confused to cast spells.
You're too confused!
You bump into the rock wall.
The bat misses you. Something hits you.
* * * LOW HITPOINT WARNING * * *
Damage: 5 (max 26)
You hit something. You peck something.
Reactivating autopickup.
You feel a bit more experienced. The bat hits you but does no damage.
The bat barely misses you. The bat closely misses you.
You barely miss the orc. Your kick misses the orc.
The bat completely misses you. The orc closely misses you.
You hit the orc.
The orc is moderately wounded.
The bat hits you but does no damage. x2
The orc hits you with a flail.
* * * LOW HITPOINT WARNING * * *
Damage: 5 (max 26) Unknown command.
You miss the orc. You claw the orc, but do no damage.
The orc is moderately wounded.
You feel less confused. The bat hits you but does no damage.
The bat closely misses you. The orc misses you.
You hit the orc.
The orc is severely wounded.
The bat barely misses you. The orc hits you with a flail!
You die...

#.... #....# #....
#....# #... #..).# #...
##).)# ###†###########
#...#
#.............###.).###
###..#####....#........
#..#####.####.#...#.#
#..o@..b......#.....#
#.######.#######..###
#.#..................
#.#.####.#######..###
..# #.# #.......# ###
#.# #.##...## #.# #
#...# #.# ##...# #.#
#....#


You could see an orc and a bat.

Vanquished Creatures
  Edmund (D:4)
  A vampire bat (D:3)
  A hound (D:4)
  4 orc priests
  A giant frog skeleton (D:4)
  A centaur skeleton (D:4)
  3 orc wizards (D:4)
  Robin (D:3)
  6 adders
  An ooze (D:1)
  A worm (D:2)
  3 giant geckos
  14 orcs
  2 spectral bats (D:3)
  2 ball pythons (D:3)
  20 bats
  A bat simulacrum (D:3)
  3 bat skeletons (D:3)
  A bat zombie (D:3)
  3 fire bats (D:3)
  5 giant cockroaches
  25 goblins
  14 hobgoblins
  9 jackals
  3 quokkas
  3 giant newts
  5 kobolds
  10 rats
144 creatures vanquished.

Notes
Turn   | Place    | Note
--------------------------------------------------------------
     0 | D:1      | Gorice the Tengu Wanderer began the quest for the Orb.
     0 | D:1      | Gorice set off with: a book of Minor Magic, a potion of lignification {!q}, a scroll of teleportation {!r}, a +0 robe, a +0 dagger, a bread ration {!e}
     0 | D:1      | Reached XP level 1. HP: 12/12 MP: 4/4
     2 | D:1      | Learned a level 1 spell: Magic Dart
   306 | D:1      | Reached skill level 2 in Conjurations
   443 | D:1      | Reached XP level 2. HP: 16/16 MP: 1/6
   612 | D:1      | Reached skill level 3 in Conjurations
   612 | D:1      | Reached XP level 3. HP: 20/20 MP: 3/7
  1515 | D:2      | Reached skill level 4 in Conjurations
  1515 | D:2      | Reached XP level 4. HP: 25/25 MP: 0/9
  2102 | D:2      | Reached skill level 3 in Spellcasting
  2877 | D:3      | Noticed Robin
  2886 | D:3      | Gained mutation: You can fly. [Tengu growth]
  2886 | D:3      | Reached XP level 5. HP: 29/29 MP: 10/10
  2900 | D:3      | Reached skill level 5 in Conjurations
  3010 | D:3      | Found an opulent altar of Gozag.
  3229 | D:3      | Found a sparkling altar of Nemelex Xobeh.
  3361 | D:3      | Reached skill level 6 in Conjurations
  3375 | D:3      | Reached XP level 6. HP: 34/34 MP: 12/12
  3469 | D:3      | HP: 10/34 [fire bat (3)]
  3851 | D:3      | Killed Robin
  3851 | D:3      | Reached skill level 7 in Conjurations
  3883 | D:3      | Reached skill level 4 in Spellcasting
  4268 | D:3      | Learned a level 3 spell: Conjure Flame
  4544 | D:4      | Noticed Edmund
  4574 | D:4      | Killed Edmund
  4574 | D:4      | Reached skill level 8 in Conjurations
  4574 | D:4      | Reached XP level 7. HP: 38/38 MP: 14/14
  5037 | D:4      | HP: 8/38 [orc priest/divine providence (13)]
  5048 | D:4      | HP: 11/38 [orc wizard/dagger (3)]
  5051 | D:4      | HP: 3/38 [orc wizard/magic dart (7)]
  5056 | D:4      | HP: 7/38 [something (5)]
  5059 | D:4      | HP: 2/38 [orc/flail (5)]
  5061 | D:4      | Mangled by an orc

Vault maps used:
D:1:      arrival_zaba_pyramid
D:2:      minmay_misc_feat_hallway, uniq_crazy_yiuf_cottage
D:3:      kennysheep_the_goblin_king, old_standard_altar,
          nemelex_xobeh_ov_fountains_minmay, first_bread, goddamned_bats,
          uniq_robin
D:4:      wad_lake_hut, bloody_trog, uniq_eustachio, uniq_edmund

Action                   |  1- 3 |  4- 6 |  7- 9 || total
-------------------------+-------+-------+-------++-------
Melee: Dagger            |    69 |    44 |     1 ||   114
       Long sword        |       |    86 |    31 ||   117
       Staff             |       |       |     1 ||     1
Throw: Stone             |     1 |       |       ||     1
       Tomahawk          |     1 |       |       ||     1
 Cast: Magic Dart        |    60 |   150 |    24 ||   234
       Conjure Flame     |       |     1 |       ||     1
  Use: Scroll            |       |     5 |       ||     5
       Potion            |       |       |     2 ||     2
 Stab: Sleeping          |       |     4 |       ||     4
  Eat: Chunk             |     3 |    10 |     2 ||    15

Table legend:
 A = Turns spent in this place as a percentage of turns spent in the entire game.
 B = Non-inter-level travel turns spent in this place as a percentage of non-inter-level travel turns spent in the entire game.
 C = Inter-level travel turns spent in this place as a percentage of turns spent in this place.
 D = Turns resting spent in this place as a percentage of non-inter-level travel turns spent in this place.
 E = Turns spent auto-exploring this place as a percentage of non-inter-level travel turns spent in this place.
 F = Non-inter-level travel turns spent in this place divided by the number of levels of this place that you've seen.
                   A       B       C       D       E      F
               +-------+-------+-------+-------+-------+----------------------
         Total | 100.0 | 100.0 |   0.4 |   6.2 |   5.0 | 408.0
       Dungeon | 100.0 | 100.0 |   0.4 |   6.2 |   5.0 | 408.0
               +-------+-------+-------+-------+-------+----------------------

Vault maps used:
D:1:      arrival_zaba_pyramid
D:2:      minmay_misc_feat_hallway, uniq_crazy_yiuf_cottage
D:3:      kennysheep_the_goblin_king, old_standard_altar,
          nemelex_xobeh_ov_fountains_minmay, first_bread, goddamned_bats,
          uniq_robin
D:4:      wad_lake_hut, bloody_trog, uniq_eustachio, uniq_edmund
